Map: Dusk Towers

Players

FinnsoN

  • Race: Terran Terran
  • League: Master

Lipton - Winner!

  • Race: Protoss Protoss
  • League: Master

VOD

Have the link to the VOD?

Description

Time

  • Played on: July 10, 2016, 3:29 p.m.
  • Length: 17:25
Show
View Real Time Build Order
Export as new Build Order

FinnsoN Terran 

Build Orders: MMM Bio 

Get SALT Encoding   

  12  0:00  SCV  
  13  0:12  SCV  
  14  0:17  Supply Depot  
  14  0:25  SCV  
  15  0:39  SCV  
  15  0:42  Barracks  
  16  0:47  Refinery  
  16  0:51  SCV  
  17  1:03  SCV  
  18  1:15  SCV  
  19  1:29  Orbital Command  
  19  1:30  Barracks Reactor  
  19  1:43  Command Center  
  19  1:55  SCV  
  19  1:57  Supply Depot  
  20  2:06  Marine x2  
  20  2:08  SCV  
  23  2:16  Factory  
  23  2:23  SCV  
  23  2:24  Marine x2  
  26  2:35  SCV  
  27  2:42  Marine x2  
  29  2:47  SCV  
  30  2:55  Orbital Command  
  30  2:59  SCV, Marine x2  
  30  3:00  Starport  
  30  3:01  Widow Mine  
  35  3:11  SCV  
  36  3:17  Marine x2  
  38  3:23  SCV x2  
  38  3:25  Supply Depot  
  40  3:30  Widow Mine  
  42  3:35  SCV, Marine x2  
  42  3:36  Supply Depot  
  45  3:42  SCV  
  45  3:46  Medivac  
  48  3:53  Marine x2, SCV  
  51  3:56  SCV  
  51  4:00  Supply Depot  
  51  4:02  Supply Depot  
  52  4:05  SCV  
  52  4:08  SCV  
  50  4:11  Marine x2  
  49  4:17  SCV  
  44  4:27  SCV  
  44  4:29  Marine  
  44  4:31  Marine  
  46  4:37  SCV, Command Center  
  47  4:40  SCV  
  48  4:49  SCV, Engineering Bay  
  49  4:53  Marine  
  49  4:56  SCV, Marine  
  51  5:01  SCV  
  52  5:08  Factory Tech Lab  
  52  5:10  Refinery  
  52  5:12  SCV  
  52  5:13  SCV  
  54  5:14  Barracks  
  54  5:16  Barracks  
  54  5:17  Marine x2  
  56  5:24  SCV  
  57  5:30  SCV  
  57  5:35  Marine x2  
  60  5:36  SCV  
  60  5:40  Missile Turret  
  60  5:42  SCV, Missile Turret  
  61  5:48  SCV  
  61  5:49  Siege Tank  
  66  5:52  Marine x2  
  51  5:57  Orbital Command  
  68  6:01  Refinery  
  68  6:02  Barracks Tech Lab x2  
  68  6:03  Refinery  
  68  6:07  SCV  
  68  6:10  Starport Reactor  
  69  6:13  Marine x2  
  69  6:14  SCV  
  72  6:19  SCV  
  72  6:20  Orbital Command  
  72  6:25  Combat Shields  
  73  6:26  Stimpack  
  73  6:31  Marine  
  74  6:35  SCV  
  74  6:38  SCV  
  76  6:43  Marine  
  76  6:46  Marine x2  
  79  6:48  SCV  
  79  6:50  SCV  
  79  6:52  SCV  
  59  6:54  Medivac x2  
  86  7:02  SCV  
  86  7:03  Terran Infantry Weapons Level 1  
  86  7:04  Marauder  
  86  7:05  SCV  
  86  7:07  Missile Turret  
  90  7:08  SCV, Marine  
  92  7:16  Marauder  
  92  7:17  Supply Depot  
  92  7:19  Supply Depot, Siege Tank  
  92  7:20  SCV  
  98  7:22  Barracks  
  98  7:23  SCV, Marine, Barracks  
  98  7:26  SCV  
  101  7:36  Liberator  
  99  7:37  Marauder  
  99  7:38  Marine, SCV  
  99  7:39  Marauder  
  99  7:40  SCV  
  99  7:41  Marine  
  99  7:42  Liberator  
  99  7:43  Supply Depot x2  
  105  7:47  SCV, Armory, Engineering Bay  
  105  7:49  Refinery  
  105  7:50  SCV, Refinery  
  107  7:53  Starport  
  107  7:56  Marine  
  107  7:57  SCV  
  107  7:58  Marine  
  112  8:01  SCV  
  118  8:05  SCV  
  118  8:08  Supply Depot  
  118  8:10  Barracks Tech Lab x2  
  118  8:14  Supply Depot  
  118  8:17  SCV  
  118  8:18  Marine  
  118  8:19  Marauder x2  
  124  8:28  Concussive Shells  
  124  8:29  SCV, Marine  
  124  8:30  Marauder x2  
  124  8:33  Liberator x2  
  130  8:37  Marine, SCV  
  130  8:39  Starport Tech Lab  
  130  8:41  Marauder x2  
  135  8:43  SCV  
  135  8:44  Supply Depot x2, Liberator  
  136  8:54  Fusion Core  
  142  8:58  Missile Turret  
  142  9:02  Marine  
  145  9:03  Marauder  
  148  9:15  SCV x2  
  150  9:19  Terran Infantry Armor Level 1  
  150  9:24  SCV  
  150  9:27  Supply Depot x2  
  150  9:29  Terran Infantry Weapons Level 2  
  150  9:32  Marauder  
  150  9:36  Missile Turret, Liberator  
  150  9:37  Missile Turret  
  152  9:38  SCV x2  
  152  9:42  Missile Turret  
  152  9:43  Missile Turret  
  154  9:47  SCV, Missile Turret x2  
  154  9:49  Marine, Marauder x2  
  154  9:50  SCV, Missile Turret  
  161  9:55  Advanced Ballistics  
  161  9:56  Liberator  
  161  9:57  Missile Turret, Liberator  
  164  10:00  Missile Turret  
  164  10:05  Sensor Tower, Missile Turret  
  164  10:06  Marine, Missile Turret x2  
  171  10:19  Terran Ship Weapons Level 1, Liberator  
  170  10:37  Marine, Marauder  
  170  10:38  Marauder x2  
  170  10:39  Liberator  
  170  10:42  Liberator  
  171  10:44  Marine  
  171  10:45  Marine  
  173  10:55  Marine  
  176  10:58  Marine  
  176  11:01  Liberator  
  176  11:03  Command Center  
  180  11:31  Terran Infantry Armor Level 2  
  179  11:39  Liberator  
  181  11:40  Marauder, Armory  
  181  11:49  Liberator x2  
  181  11:54  Marauder x2  
  171  12:19  Marine x2, Marauder  
  171  12:20  Marine x2, Marauder  
  171  12:30  Liberator  
  171  12:32  Liberator  
  168  12:37  Marine x2  
  168  12:38  Marauder x2  
  168  12:39  Barracks  
  168  12:40  Barracks x2  
  168  12:41  Marauder x2  
  168  12:42  Terran Infantry Weapons Level 3  
  178  12:49  Planetary Fortress  
  184  12:55  Marine x2  
  186  12:59  Marauder  
  186  13:00  Marauder  
  186  13:02  Marauder x2, Liberator  
  194  13:08  Refinery  
  194  13:09  Refinery  
  194  13:11  Ghost Academy  
  194  13:13  Marine x2  
  194  13:15  Terran Ship Weapons Level 2  
  194  13:19  Terran Vehicle And Ship Armor Level 1  
  199  13:20  Marine  
  200  13:32  Command Center  
  190  14:03  Marauder x4  
  173  14:12  Marine  
  173  14:15  Marine  
  145  14:21  Marine  
  145  14:22  Marine  
  121  14:24  Marine, Marauder x3  
  121  14:25  Marauder  
  121  14:30  Marine  
  119  14:33  Marine  
  115  14:39  Marine x2  
  115  14:42  Marine  
  112  14:46  Marauder x4  
  112  14:47  Marine  
  112  14:48  Liberator  
  112  14:51  Marine  
  112  14:52  Orbital Command  
  124  15:05  Marine  
  134  15:07  Marine, Marauder x3  
  134  15:08  Barracks Tech Lab x2  
  134  15:09  Marine, Barracks Tech Lab  
  133  15:15  Viking  
  133  15:16  Viking  
  131  15:23  Marine  
  131  15:25  Marauder  
  131  15:27  Marine, Missile Turret  
  131  15:28  Marauder x2, Ghost  
  141  15:35  Ghost  
  141  15:36  Ghost  
  141  15:37  Marine  
  141  15:40  Personal Cloaking  
  141  15:41  Marine  
  147  15:43  Orbital Command  
  147  15:45  Marine, Viking  
  147  15:46  Ghost  
  147  15:49  Ghost x2  
  145  15:59  Missile Turret, Liberator  
  145  16:01  Viking x2  
  127  16:08  Marine x2  
  127  16:10  Marine x4  
  112  16:14  Marine  
  112  16:18  Marine  
  98  16:19  Marine  
  92  16:26  Marine x2  
  92  16:27  Marine  
  92  16:29  Marine  
  92  16:31  Viking  
  98  16:37  Marine x4, Orbital Command  
  98  16:39  Marine  
  103  16:44  Marine x2  
  105  16:49  Viking  
Show
View Real Time Build Order
Export as new Build Order

Lipton Protoss - Winner!

Build Orders: 1 Gate Expand, Oracle Opening 

Get SALT Encoding   

  12  0:01  Probe (Chrono Boost)  
  13  0:12  Probe (Chrono Boost)  
  14  0:18  Pylon  
  14  0:23  Probe (Chrono Boost)  
  15  0:36  Probe (Chrono Boost)  
  15  0:38  Gateway  
  15  0:41  Assimilator  
  16  0:46  Probe (Chrono Boost)  
  18  0:57  Probe (Chrono Boost)  
  18  1:07  Probe (Chrono Boost)  
  19  1:22  Nexus  
  19  1:34  Cybernetics Core  
  19  1:37  Probe (Chrono Boost)  
  20  1:46  Assimilator  
  20  1:48  Probe (Chrono Boost)  
  21  1:54  Pylon  
  21  2:03  Probe (Chrono Boost)  
  22  2:12  Adept  
  22  2:13  Probe (Chrono Boost)  
  25  2:19  Stargate  
  25  2:24  Warp Gate  
  25  2:25  Probe (Chrono Boost)  
  26  2:35  Probe (Chrono Boost)  
  26  2:36  Probe (Chrono Boost)  
  28  2:46  Probe (Chrono Boost)  
  28  2:47  Adept, Probe (Chrono Boost)  
  32  2:56  Probe (Chrono Boost)  
  32  2:57  Probe (Chrono Boost)  
  34  3:01  Oracle (Chrono Boost)  
  37  3:08  Probe  
  37  3:10  Probe  
  39  3:19  Probe (Chrono Boost)  
  39  3:25  Nexus  
  40  3:30  Mothership Core (Chrono Boost)  
  43  3:35  Pylon, Probe (Chrono Boost)  
  43  3:41  Pylon  
  43  3:44  Pylon  
  44  3:49  Oracle  
  46  3:56  Probe (Chrono Boost)  
  46  3:58  Pylon  
  46  3:59  Probe (Chrono Boost)  
  48  4:06  Probe (Chrono Boost)  
  49  4:20  Probe (Chrono Boost)  
  50  4:26  Probe (Chrono Boost)  
  50  4:31  Probe (Chrono Boost)  
  52  4:33  Twilight Council  
  52  4:36  Forge  
  52  4:37  Probe (Chrono Boost), Assimilator  
  54  4:38  Probe (Chrono Boost), Gateway  
  54  4:41  Probe (Chrono Boost), Assimilator, Gateway  
  55  4:48  Probe (Chrono Boost)  
  55  4:51  Probe (Chrono Boost)  
  57  4:54  Probe (Chrono Boost)  
  57  4:58  Probe (Chrono Boost)  
  56  5:01  Stalker, Void Ray  
  56  5:03  Blink, Probe (Chrono Boost)  
  56  5:04  Probe (Chrono Boost)  
  60  5:08  Probe (Chrono Boost)  
  60  5:10  Protoss Ground Weapons Level 1 (Chrono Boost)  
  60  5:13  Probe (Chrono Boost)  
  66  5:20  Probe  
  66  5:21  Probe  
  68  5:22  Pylon  
  68  5:25  Probe  
  69  5:33  Probe x2  
  71  5:37  Probe  
  72  5:43  Gateway  
  72  5:44  Gateway  
  72  5:45  Probe  
  72  5:47  Robotics Facility, Probe  
  74  5:51  Gateway  
  74  5:52  Probe  
  69  5:57  Probe  
  69  5:59  Probe  
  70  6:04  Probe  
  70  6:05  Stalker x2  
  70  6:09  Probe  
  76  6:11  Probe  
  76  6:12  Pylon  
  76  6:16  Probe  
  78  6:21  Probe  
  78  6:24  Probe  
  78  6:25  Sentry  
  82  6:28  Adept x2, Assimilator  
  82  6:29  Probe  
  82  6:32  Assimilator  
  87  6:33  Pylon, Forge, Probe  
  87  6:34  Observer (Chrono Boost)  
  89  6:41  Gateway x2  
  89  6:42  Probe x2  
  89  6:43  Pylon  
  89  6:45  Probe  
  92  6:48  Protoss Ground Weapons Level 2 (Chrono Boost)  
  92  6:51  Protoss Ground Armor Level 1 (Chrono Boost)  
  93  6:54  Probe x2  
  93  6:56  Immortal (Chrono Boost)  
  93  6:57  Probe  
  99  7:02  Resonating Glaives (Chrono Boost)  
  99  7:03  Photon Cannon  
  99  7:06  Probe x2  
  101  7:16  Stalker  
  101  7:17  Stalker x2  
  107  7:32  Robotics Bay  
  107  7:34  Robotics Facility  
  107  7:35  Robotics Bay  
  107  7:40  Probe x3  
  101  7:44  Nexus  
  101  7:46  Sentry x2  
  101  7:47  Adept  
  101  7:48  Adept  
  109  7:53  Warp Prism (Chrono Boost)  
  111  8:02  Pylon  
  111  8:05  Stalker x2  
  115  8:07  Adept  
  117  8:19  Pylon  
  117  8:25  Disruptor (Chrono Boost)  
  123  8:31  Disruptor (Chrono Boost)  
  123  8:33  Adept x4  
  123  8:34  Stalker  
  133  8:38  Pylon  
  133  8:39  Pylon  
  133  8:41  Pylon  
  133  8:42  Pylon  
  133  8:45  Protoss Ground Armor Level 2 (Chrono Boost)  
  133  8:48  Dark Shrine  
  133  8:50  Pylon  
  133  8:52  Pylon  
  133  9:00  Disruptor (Chrono Boost)  
  136  9:03  Pylon  
  136  9:05  Pylon  
  136  9:07  Adept x3  
  136  9:08  Disruptor (Chrono Boost)  
  136  9:09  Probe  
  145  9:10  Probe  
  145  9:11  Probe  
  145  9:14  Probe  
  149  9:18  Protoss Ground Weapons Level 3 (Chrono Boost)  
  149  9:19  Probe  
  149  9:22  Probe  
  152  9:24  Probe  
  152  9:26  Probe  
  152  9:30  Probe  
  153  9:33  Disruptor (Chrono Boost)  
  153  9:34  Probe  
  153  9:38  Probe x2  
  160  9:40  Probe  
  160  9:41  Assimilator  
  161  9:46  Probe, Assimilator  
  161  9:49  Pylon  
  162  9:57  Fleet Beacon  
  162  9:59  Stargate  
  162  10:02  Pylon  
  162  10:27  Protoss Air Weapons Level 1, Stargate  
  162  10:31  Adept  
  162  10:32  Adept  
  162  10:33  Adept x2  
  162  10:37  Probe x4  
  162  10:42  Oracle  
  162  10:43  Tempest (Chrono Boost)  
  162  10:49  Probe  
  167  10:56  Protoss Ground Armor Level 3 (Chrono Boost)  
  167  11:01  Probe x3  
  164  11:12  Tempest (Chrono Boost)  
  164  11:15  Nexus, Extended Thermal Lance  
  164  11:17  Pylon  
  170  11:19  Pylon, Tempest (Chrono Boost)  
  170  11:22  Tempest (Chrono Boost)  
  180  11:33  Colossus (Chrono Boost)  
  180  11:35  Colossus (Chrono Boost)  
  186  12:01  Tempest x3  
  196  12:12  Assimilator  
  196  12:16  Protoss Air Weapons Level 2  
  196  12:17  Assimilator  
  196  12:23  Protoss Shields Level 1 (Chrono Boost)  
  196  12:26  Pylon  
  194  12:30  Pylon  
  194  12:33  Pylon  
  194  12:37  Pylon  
  194  12:40  Pylon  
  194  12:43  Tempest  
  198  12:47  Pylon  
  198  12:48  Oracle  
  198  13:05  Photon Cannon  
  198  13:07  Photon Cannon  
  198  13:20  Probe  
  199  13:48  Photon Cannon  
  199  13:51  Photon Cannon  
  199  13:53  Photon Cannon  
  199  13:55  Photon Cannon  
  199  13:57  Photon Cannon  
  199  13:59  Photon Cannon  
  199  14:01  Photon Cannon  
  197  14:03  Photon Cannon  
  197  14:05  Photon Cannon  
  160  14:25  Tempest x3  
  160  14:26  Colossus  
  160  14:30  Probe  
  171  14:36  Colossus  
  171  14:38  Protoss Air Weapons Level 3  
  175  14:56  Nexus  
  175  14:58  Pylon  
  175  15:00  Protoss Shields Level 2 (Chrono Boost), Dark Templar x3  
  175  15:01  Pylon, Dark Templar  
  175  15:02  Stalker x3  
  175  15:03  Stalker  
  175  15:04  Pylon  
  175  15:06  Archon x2, Assimilator  
  191  15:10  Tempest, Assimilator  
  191  15:11  Tempest  
  185  15:26  Robotics Facility  
  185  15:29  Gateway  
  185  15:30  Gateway  
  185  15:35  Colossus  
  185  15:40  Gateway  
  185  15:42  Colossus  
  191  15:44  Gateway  
  191  15:45  Gateway  
  197  15:54  Gateway  
  170  16:17  Stalker x5  
  170  16:18  Stalker x3  
  181  16:24  Disruptor  
  181  16:28  Tempest x2  
  181  16:32  Adept x2  
  196  16:34  Disruptor  
  175  17:23  Adept  
  175  17:24  Adept x11  
Tags
 
Add a new tag
Caveats
  • Supply blocks, unpowered buildings, or Contaminate may cause inaccurate times.
  • Supply counts are checked every 10 seconds.